 Dungeon Crawl Stone Soup version 0.30-a0-760-g5a9884bb7c (webtiles) character file.

Game seed: 5057065253480076788

170 sanka the Digger (level 5, -1/28 HPs)
             Began as a Gargoyle Earth Elementalist on Feb 10, 2023.
             Slain by Sigmund
             ... wielding a +0 scythe
              (10 damage)
             ... on level 4 of the Dungeon.
             The game lasted 00:03:01 (2675 turns).

sanka the Digger (Gargoyle Earth Elementalist)      Turns: 2675, Time: 00:03:02

Health: -1/28      AC:  7    Str: 12    XL:     5   Next: 50%
Magic:  7/8        EV: 11    Int: 17    God:
Gold:   152        SH:  0    Dex: 10    Spells: 2/8 levels left

rFire   + . .      SeeInvis .    v - +0 quarterstaff
rCold   . . .      Faith    .    (shield currently unavailable)
rNeg    + . .      Spirit   .    a - +0 robe
rPois   ∞          Reflect  .    r - +0 helmet
rElec   +          Harm     .    (no cloak)
rCorr   .          Rampage  .    (no gloves)
Will    .....                    (no boots)
Stlth   ++                       c - amulet of magic regeneration
HPRegen 0.24/turn                (no ring)
MPRegen 0.51/turn                e - ring of protection from fire

@: very slightly contaminated
A: sickness immunity, AC +4, negative energy resistance 1, electricity
resistance, torment resistance 1, petrification resistance
a: no special abilities


You were on level 4 of the Dungeon.
You visited 1 branch of the dungeon, and saw 4 of its levels.

You collected 152 gold pieces.


Innate Abilities, Weirdness & Mutations

You are immune to sickness and miasma.
Your stone body is resilient. (AC +4)
You are immune to poison.
You resist negative energy. (rN+)
You are resistant to electric shocks. (rElec)
You are resistant to unholy torment.
You are immune to petrification.


   Skills:
 - Level 1.5 Dodging
 - Level 2.1 Stealth
 - Level 2.0 Spellcasting
 - Level 0.7 Transmutations
 + Level 7.2 Earth Magic


You had 2 spell levels left.
You knew the following spells:

 Your Spells              Type           Power      Damage    Failure   Level
x - Stone Arrow           Conj/Erth      28%        3d8       13%         3
z - Sandblast             Erth           52%        2d12      1%          1
N - Passwall              Tmut/Erth      12%        N/A       5%          2

Your spell library contained the following spells:

 Spells                   Type           Power      Damage    Failure   Level
 Sting                    Tmut/Pois      8%         1d3       17%         1
 Poisonous Vapours        Pois/Air       2%         N/A       28%         2
 Petrify                  Tmut/Erth      15%        N/A       36%         4
 Leda's Liquefaction      Hex/Erth       7%         N/A       41%         4
 Call Canine Familiar     Summ           1%         N/A       50%         3
 Portal Projectile        Hex/Tloc       2%         N/A       50%         3
 Olgreb's Toxic Radiance  Pois           1%         N/A       88%         4

Inventory:

Hand Weapons
 v - a +0 quarterstaff (weapon)
Armour
 a - a +0 robe (worn)
 r - a +0 helmet (worn)
Jewellery
 c - an amulet of magic regeneration (around neck)
 e - a ring of protection from fire (right hand)
Scrolls
 d - a scroll of fear {unknown}
 h - a scroll of enchant armour {unknown}
 j - 3 scrolls of poison {unknown}
 m - a scroll of immolation {unknown}
 n - a scroll of torment {unknown}
 q - 6 scrolls of identify {unknown}
 t - a scroll of teleportation {unknown}
Potions
 b - 2 potions of magic
 f - a potion of might {unknown}
 g - a potion of ambrosia {unknown}
 i - 2 potions of attraction {unknown}
 k - a potion of flight {unknown}
 l - a potion of haste {unknown}
 o - a potion of mutation {unknown}
 p - 2 potions of heal wounds {unknown}
 u - a potion of cancellation {unknown}

Dungeon Overview and Level Annotations

Branches:
Dungeon (4/15)
 Temple: D:4-7

Altars:
Makhleb

Annotations:
D:4 Grinder, Sigmund

.▒ .. ▒. ▒. ▒.
▒▒▒.▒▒▒ ▒.....▒
▒...8.▒
.......†.o...o.
...▒...@.....{.
. ▒g..:.▒..▒▒▒
.......▒..▒
▒.▒▒▒.... ...
▒. ▒▒..▒ ▒▒▒ .
...▒


You could see Sigmund, an orc priest, an orc and a goblin.


Message History

There is an entrance to an ossuary on this level.
Hurry and find it before the portal is buried!
Level annotation: Grinder
Found a Fen Folio.
There is a stone staircase leading up here.
The blast of sand hits Sigmund!!
Sigmund is severely wounded.
Sigmund shouts!
The adder hisses angrily.
The orc shouts!
The goblin shouts!
You hear a shout!
Sigmund closely misses you.
The orc priest begins to cast a cantrip, but forgets the words!
An orc wizard comes into view. It is wielding a +0 dagger.
The orc priest begins to cast a cantrip, but forgets the words!
The orc wizard gestures wildly while chanting.
The orc wizard flickers and vanishes!
Deactivating autopickup; reactivate with Ctrl-A.
The blast of sand hits the adder!
You kill the adder!
Sigmund barely misses you.
The orc priest mumbles some strange prayers to Beogh against you.
Beogh smites you!
Ouch! That really hurt!
* * * LOW HITPOINT WARNING * * *
You miscast Sandblast.
You are very lightly contaminated with residual magic.
Nothing appears to happen.
Sigmund hits you from afar with a +0 scythe!
You die...

Action                     |  1- 3 |  4- 6 || total
---------------------------+-------+-------++-------
  Melee: Unarmed           |     3 |       ||     3
   Cast: Sandblast         |    40 |    38 ||    78
 Armour: Robe              |     6 |     8 ||    14
  Dodge: Dodged            |    17 |    19 ||    36

Levels and vault maps discovered:
D:1:      dpeg_arrival_erosion, layout_loops_cross,
          ebering_ecumenical_altar_hall, grunt_decor_one_mirror,
          serial_bayou_crossing
D:2:      layout_basic, basic_altar, uniq_robin
D:3:      layout_loops_cross
D:4:      dreamdust_elfheim, layout_loops_ring,
          nicolae_dithmenos_through_a_glass_darkly,
          minmay_temple_entry_proselytizer, enter_ossuary_5, uniq_sigmund,
          uniq_edmund, uniq_grinder

Notes
Turn   | Place    | Note
-------+----------+-------------------------------------------
     0 | D:1      | sanka the Gargoyle Earth Elementalist began the quest for
                  | the Orb.
     0 | D:1      | Reached XP level 1. HP: 10/10 MP: 3/3
   159 | D:1      | Reached skill level 4 in Earth Magic
   217 | D:1      | Reached XP level 2. HP: 15/15 MP: 3/5
   233 | D:1      | Learned a level 2 spell: Passwall
   267 | D:1      | Found a faded altar of an unknown god.
   826 | D:2      | Reached XP level 3. HP: 19/19 MP: 4/6
   851 | D:2      | Reached skill level 5 in Earth Magic
   859 | D:2      | Found a burning altar of Makhleb.
  1242 | D:2      | Learned a level 3 spell: Stone Arrow
  1289 | D:2      | Reached XP level 4. HP: 16/24 MP: 5/7
  1697 | D:2      | Noticed Robin
  1704 | D:2      | Reached skill level 6 in Earth Magic
  1711 | D:1      | Killed Robin
  2424 | D:3      | Reached XP level 5. HP: 28/28 MP: 6/8
  2425 | D:3      | Reached skill level 7 in Earth Magic
  2655 | D:4      | Noticed Grinder
  2672 | D:4      | Noticed Sigmund
  2675 | D:4      | Slain by Sigmund

Vanquished Creatures
  An orc priest (D:3)
  An orc wizard (D:3)
  Robin (D:1)
  5 adders
  A worm (D:2)
  3 dart slugs
  3 orcs (D:3)
  A bat (D:2)
  3 endoplasms
  A giant cockroach (D:1)
  9 goblins
  7 hobgoblins
  2 quokkas
  7 ball pythons
  4 frilled lizards
  3 kobolds
  2 rats
54 creatures vanquished.
